 Dungeon Crawl Stone Soup version 0.32-a0-422-g28b100f618 (webtiles) character file.

Game seed: 12158030995727929468

202 cforsyth the Slasher (level 5, -3/42 HPs)
             Began as a Coglin Gladiator on Feb 22, 2024.
             Incinerated by a bombardier beetle (4 damage)
             ... with a burning spray
             ... on level 3 of the Dungeon.
             The game lasted 00:02:50 (2462 turns).

cforsyth the Slasher (Coglin Gladiator)             Turns: 2462, Time: 00:02:50

Health: -3/42      AC:  6    Str: 15    XL:     5   Next: 80%
Magic:  5/5        EV: 12    Int:  7    God:
Gold:   150        SH:  0    Dex: 17    Spells: 4/4 levels left

rFire   . . .        a - +0 long sword {Ari}
rCold   . . .        (no shield)
rNeg    . . .        b - +0 leather armour
rPois   .            c - +0 helmet
rElec   .            f - +0 cloak
rCorr   +            (no gloves)
SInv    .            k - +0 pair of boots
Will    .....        (no amulet)
Stlth   +            R - ring of resist corrosion
HPRegen 0.27/turn    (no ring)
MPRegen 0.09/turn

%: no passive effects
@: on fire, immotile, glowing, invisible (but backlit and visible), revved
A: off-hand wielding, slow wielding, warmup strikes, legs shutdown
a: no special abilities


You were on level 3 of the Dungeon.
You visited 1 branch of the dungeon, and saw 3 of its levels.

You collected 150 gold pieces.


Innate Abilities, Weirdness & Mutations

You can wield a second weapon in your off-hand.
It takes a long time for you to wield or remove held weapons.
Your first few attacks do less damage.
Attacking and casting redirects power from your legs.


   Skills:
 + Level 3.7 Fighting
 + Level 4.3 Long Blades
 - Level 1.7 Throwing
 + Level 2.6 Armour
 - Level 2.6 Dodging


You had 4 spell levels left.
You didn't know any spells.
Your spell library contained the following spells:

 Spells                   Type           Power      Damage    Failure   Level
 Static Discharge         Conj/Air       0%         3-3/arc   65%         2
 Airstrike                Air            0%         2d(0-16)  99%         4
 Summon Lightning Spire   Summ/Air       0%         N/A       99%         4

Inventory:

Hand Weapons
 a - a +0 long sword (weapon) {Ari}
Missiles
 d - 3 throwing nets (quivered) {=f}
 e - 5 javelins
Armour
 b - a +0 leather armour (worn)
 c - a +0 helmet (worn)
 f - a +0 cloak (worn)
 k - a +0 pair of boots (worn)
Magical Staves
 s - a staff of cold {!a}
Jewellery
 R - a ring of resist corrosion (left grasper)
 T - a +4 ring of protection
Scrolls
 i - 5 scrolls of teleportation {unknown}
 l - a scroll of immolation {unknown}
 m - 2 scrolls of identify {unknown}
 n - a scroll of enchant armour {unknown}
 r - a scroll of enchant weapon {unknown}
Potions
 g - a potion of haste {unknown}
 h - a potion of enlightenment {unknown}
 j - a potion of might {unknown}
 o - a potion of invisibility
 p - a potion of brilliance {unknown}
 q - 2 potions of heal wounds {unknown}
 t - a potion of curing {unknown}

Dungeon Overview and Level Annotations

Branches:
Dungeon (3/15)

Altars:

#..##.#............
##.##.#....†....###
#....#......#.....
###......####..#..
#.#..........#..
###.#.............
#.................
####.##........).....
#...@................
#....†...............
#........########....
#.........# .....
########..# #..###
.... .## .


There were no monsters in sight!


Message History

You are too injured to fight recklessly!
You are too injured to fight recklessly!
You are too injured to fight recklessly!
You are too injured to fight recklessly!
You are too injured to fight recklessly!
You hit the bombardier beetle.
The bombardier beetle is severely wounded.
The liquid fire burns you!
* * * LOW HITPOINT WARNING * * *
You barely miss the bombardier beetle.
The bombardier beetle is severely wounded.
The liquid fire burns you!
* * * LOW HITPOINT WARNING * * *
The bombardier beetle closely misses you.
You closely miss the bombardier beetle.
The bombardier beetle is severely wounded.
The liquid fire burns you!
* * * LOW HITPOINT WARNING * * *
The bombardier beetle sprays incendiary fluid at you.
The burning spray hits you.
You are even more covered in liquid fire!
You slash the bombardier beetle!
You kill the bombardier beetle!
The liquid fire burns you!
* * * LOW HITPOINT WARNING * * *
Unknown command.
It was a potion of invisibility.
You become transparent, but the glow from your liquid flames prevents you from becoming completely invisible.
The liquid fire burns you!
You die...

Skill      XL: |  1  2  3  4 |
---------------+-------------+-----
Armour         | 1 2 |  2.6
Fighting       | 3 |  3.7
Long Blades    | 4 |  4.3
Throwing       | |  1.7
Dodging        | |  2.6

Action                     |  1- 3 |  4- 6 || total
---------------------------+-------+-------++-------
  Melee: Long sword        |    53 |   144 ||   197
    Use: Potion            |       |     1 ||     1
 Armour: Leather armour    |    25 |   101 ||   126
  Dodge: Dodged            |    30 |   114 ||   144

Levels and vault maps discovered:
D:1:      dpeg_arrival_snail, layout_basic,
          dreamdust_ecumenical_altar_drowned_temple, minmay_pentomino_x4
D:2:      layout_basic, minmay_misc_feat_alley, hangedman_decor_opposing,
          minmay_misc_feat_diagonals, minmay_bisected
D:3:      layout_rooms, overflow_temple_1_default,
          gammafunk_temple_overflow_pools, minmay_pentomino_pile

Notes
Turn   | Place    | Note
-------+----------+-------------------------------------------
     0 | D:1      | cforsyth the Coglin Gladiator began the quest for the Orb.
     0 | D:1      | Reached XP level 1. HP: 16/16 MP: 1/1
   150 | D:1      | Reached XP level 2. HP: 15/22 MP: 2/2
   264 | D:1      | Reached skill level 1 in Armour
   302 | D:1      | Reached XP level 3. HP: 28/28 MP: 3/3
   649 | D:1      | Found a faded altar of an unknown god.
  1018 | D:1      | Reached XP level 4. HP: 34/34 MP: 4/4
  1200 | D:2      | Reached skill level 3 in Fighting
  1488 | D:2      | Reached skill level 2 in Armour
  1765 | D:2      | Reached skill level 4 in Long Blades
  1765 | D:2      | Reached XP level 5. HP: 32/41 MP: 5/5
  2169 | D:3      | Identified the +3 sling "Virouwku" {speed, rElec}
  2461 | D:3      | HP: 1/41 [burnt (8)]
  2462 | D:3      | Incinerated by a bombardier beetle

Vanquished Creatures
  A bombardier beetle (D:3)
  4 adders
  A gnoll (D:1)
  4 dart slugs
  3 ribbon worms (D:2)
  7 ball pythons
  7 bats
  6 endoplasms
  5 giant cockroaches
  5 goblins
  5 hobgoblins
  2 jackals (D:3)
  4 kobolds
  A quokka (D:2)
  2 frilled lizards (D:3)
  4 rats
  A spectral goblin (D:1)
62 creatures vanquished.

Table legend: (Time is in decaauts)
 A = Elapsed time spent in this place.
 B = Non-inter-level travel time spent in this place.
 C = Inter-level travel time spent in this place.
 D = Time resting spent in this place.
 E = Time spent auto-exploring this place.
 F = Levels seen in this place.
 G = Mean time per level.
                   A        B        C        D        E       F      G
               +--------+--------+--------+--------+--------+-----+--------+
         Total |   2505 |   2432 |     73 |      0 |   1929 |   3 |  835.0 |
       Dungeon |   2505 |   2432 |     73 |      0 |   1929 |   3 |  835.0 |
               +--------+--------+--------+--------+--------+-----+--------+

Top non-repeatable levels by time:
     D:1: 1139 daAuts
     D:2: 1000 daAuts
     D:3: 366 daAuts

Table legend:
 A = Non-vault XP
 B = Vault XP
 C = Vault XP percentage of total XP
 D = Non-vault monster count
 E = Vault monster count
 F = Vault count percentage of total count
                 A         B        C        D         E       F
            +---------+---------+-------+---------+---------+-------
      Total |     266 |      23 |   8.0 |      53 |       9 |  14.5
            +---------+---------+-------+---------+---------+-------
        D:1 |      75 |       8 |   9.6 |      21 |       3 |  12.5
        D:2 |     105 |       4 |   3.7 |      22 |       2 |   8.3
        D:3 |      86 |      11 |  11.3 |      10 |       4 |  28.6
            +---------+---------+-------+---------+---------+-------
